 Dungeon Sprint DCSS version 0.30-a0-989-g0d87f670db (webtiles) character file.

Game seed: 7494573247636581992

2207 DiggyJ the Carver (level 9, -4/82 HPs)
             Began as a Demonspawn Berserker on Apr 3, 2023.
             Was a High Priest of Trog.
             Slain by a troll (8 damage)
             ... in the Dungeon (Sprint IX: "|||||||||||||||||||||||||||||").
             The game lasted 00:01:42 (553 turns).

DiggyJ the Carver (Demonspawn Berserker)             Turns: 553, Time: 00:01:43

Health: -4/82      AC: 14    Str: 24    XL:     9   Next: 13%
Magic:  9/9        EV: 10    Int: 13    God:    Trog [*****.]
Gold:   0          SH:  0    Dex: 12    Spells: 8/8 levels left

rFire   . . .      SeeInvis .    a - +0 falchion
rCold   . . .      Faith    .    (no shield)
rNeg    . . .      Spirit   .    m - +1 chain mail
rPois   .          Reflect  .    (no helmet)
rElec   .          Rampage  .    l - +0 cloak
rCorr   .          NoTele   +    k - +0 pair of gloves
Will    ++...                    (no boots) Stlth
                                 (no amulet)
HPRegen 1.33/turn                n - +3 ring of strength
MPRegen 0.11/turn                o - +3 ring of intelligence

@: strong-willed, on berserk cooldown, regenerating, slowed, very slow
A: ignite blood 1, weakness stinger 2
a: Renounce Religion, Berserk, Trog's Hand, Brothers in Arms


You were in the Dungeon.
You worshipped Trog.
Trog was extremely pleased with you.
You visited 1 branch

Inventory:

Hand Weapons
 a - a +0 falchion (weapon)
Armour
 b - a +0 animal skin
 k - a +0 pair of gloves (worn)
 l - a +0 cloak (worn)
 m - a +1 chain mail (worn)
Jewellery
 n - a +3 ring of strength (left hand)
 o - a +3 ring of intelligence (right hand)
Wands
 j - a wand of acid (8)
Scrolls
 h - a scroll of blinking
Potions
 c - 5 potions of curing
 d - 2 potions of heal wounds
 e - a potion of haste
 f - 4 potions of magic
 g - a potion of berserk rage
 i - a potion of invisibility


   Skills:
 + Level 12.1 Fighting
 + Level 13.0 Long Blades
 + Level 6.9 Armour
 + Level 6.5 Dodging
 + Level 1.5 Stealth
 + Level 0.3 Evocations


You had 8 spell levels left.
You didn't know any spells.
Your spell library was empty.

Dungeon Overview and Level Annotations

Branches:
Dungeon (1/1)

Altars:
Cheibriados
Dithmenos
Fedhas
Gozag
Hepliaklqana
Kikubaaqudgha
Makhleb
Nemelex Xobeh
Okawaru
Qazlal
Ru
Sif Muna
Trog
Uskayaw
Vehumet
Wu Jian
Xom
Yredelemnul
Jiyva
Lugonu


Innate Abilities, Weirdness & Mutations

Your demonic aura sometimes causes spilled blood to erupt in flames.
You have a tail ending in a sharp stinger.


Message History

The troll is moderately wounded.
The troll is engulfed in blazing flames.
The troll bites you.
* * * LOW HITPOINT WARNING * * *
The troll claws you!
* * * LOW HITPOINT WARNING * * *
The troll barely misses you.
Blink to where?
Press: ? - help, Q - select action, (/) - cycle Dir - move target, p - troll
As you read the scroll of blinking, it crumbles to dust.
Trog accepts your kill. Trog grants you a weapon!
Something appears at your feet!
You see here a +2 antimagic spear.
You feel a bit more experienced.
Your Fighting skill increases to level 12!
Your Long Blades skill increases to level 13!
You see here a +0 flail.
There is an open door to the Dungeon, spattered with blood here.
Items here: )))))).
You see here 2 scrolls of amnesia.
There is an open door here.
You are no longer corroded.
There is a glowing golden altar of the Shining One here.
A shadow appears from thin air!
Reactivating autopickup.
The shadow slips into darkness.
The shadow flickers and vanishes!
Deactivating autopickup; reactivate with Ctrl-A.
There is a glowing silver altar of Zin here.
There is a basalt altar of Yredelemnul here.
Aiming: Corrosive Bolt
Press: ? - help, Q - select action, (/) - cycle Shift-Dir - straight line The bolt of acid hits the troll!
The acid corrodes the troll!
The troll is moderately wounded.
Your skin crawls.
You feel strong-willed. The troll bites you but does no damage.
The troll claws you!
* * * LOW HITPOINT WARNING * * *
The troll claws you!
You die... ▓▓▓▓▓▓▓▓▓▓▓▓▓▓▓▓▓▓▓▓▓▓▓▓▓▓▓▓▓▓▓▓▓ ________________@T_'.?)......'))) ▓▓▓▓▓▓▓▓▓▓▓▓▓▓▓▓▓▓▓▓▓▓▓▓▓▓▓▓▓▓▓▓▓

You could see a troll (corroded).

Vanquished Creatures
  An ugly thing (D)
  A cyclops (D)
  An unseen horror (D)
  3 trolls (D)
  A yak (D)
  A vampire mosquito (D)
  A black bear (D)
  A scorpion (D)
  A wight (D)
  An orc priest (D)
  A white imp (D)
  A dart slug (D)
  An orc (D)
  2 bats (D)
  An endoplasm (D)
  A frilled lizard (D)
  A kobold (D)
20 creatures vanquished.

Notes
Turn   | Place    | Note
-------+----------+-------------------------------------------
     0 | D        | DiggyJ the Demonspawn Berserker began the quest for the
                  | Orb.
     0 | D        | Reached XP level 1. HP: 18/18 MP: 1/1
    12 | D        | Reached skill level 3 in Long Blades
    16 | D        | Reached ** piety under Trog
    25 | D        | Noticed a scorpion
    25 | D        | Noticed a black bear
    32 | D        | Killed a scorpion
    33 | D        | Reached skill level 5 in Fighting
    33 | D        | Reached skill level 5 in Long Blades
    33 | D        | Gained mutation: You have a small tail. [demonic ancestry]
    33 | D        | Reached XP level 2. HP: 27/27 MP: 2/2
    33 | D        | Reached XP level 3. HP: 33/33 MP: 3/3
    33 | D        | Reached *** piety under Trog
    34 | D        | Reached XP level 4. HP: 40/40 MP: 4/4
    42 | D        | Killed a black bear
    43 | D        | Reached skill level 6 in Long Blades
    43 | D        | Gained mutation: Your demonic aura sometimes causes spilled
                  | blood to erupt in flames. [demonic ancestry]
    43 | D        | Reached XP level 5. HP: 47/48 MP: 5/5
   195 | D        | Found a snail-covered altar of Cheibriados.
   195 | D        | Found a shadowy altar of Dithmenos.
   195 | D        | Found a blossoming altar of Fedhas.
   195 | D        | Found an opulent altar of Gozag.
   196 | D        | Found a hazy altar of Hepliaklqana.
   197 | D        | Found a viscous altar of Jiyva.
   198 | D        | Found an ancient bone altar of Kikubaaqudgha.
   199 | D        | Found a corrupted altar of Lugonu.
   200 | D        | Found a burning altar of Makhleb.
   201 | D        | Found a sparkling altar of Nemelex Xobeh.
   202 | D        | Found an iron altar of Okawaru.
   203 | D        | Found a stormy altar of Qazlal.
   204 | D        | Found a sacrificial altar of Ru.
   205 | D        | Found a shimmering blue altar of Sif Muna.
   206 | D        | Found a bloodstained altar of Trog.
   207 | D        | Found a hide-covered altar of Uskayaw.
   208 | D        | Found a radiant altar of Vehumet.
   209 | D        | Found an ornate altar of the Wu Jian Council.
   210 | D        | Found a shimmering altar of Xom.
   211 | D        | Found a basalt altar of Yredelemnul.
   264 | D        | Noticed a yak
   264 | D        | Noticed a troll
   264 | D        | Noticed a troll
   272 | D        | Reached **** piety under Trog
   273 | D        | Reached skill level 7 in Long Blades
   279 | D        | Killed an unseen horror
   280 | D        | Reached skill level 9 in Long Blades
   280 | D        | Reached XP level 6. HP: 9/58 MP: 6/6
   287 | D        | Killed a yak
   288 | D        | Reached skill level 10 in Long Blades
   288 | D        | Reached skill level 5 in Dodging
   288 | D        | Reached XP level 7. HP: 60/65 MP: 7/7
   296 | D        | Killed a troll
   297 | D        | Reached skill level 10 in Fighting
   297 | D        | Reached skill level 1 in Stealth
   300 | D        | Reached skill level 11 in Long Blades
   303 | D        | Killed a troll
   303 | D        | Reached ***** piety under Trog
   304 | D        | Reached skill level 5 in Armour
   304 | D        | Reached XP level 8. HP: 12/74 MP: 8/8
   506 | D        | Noticed a brown ugly thing
   506 | D        | Noticed a cyclops
   506 | D        | Noticed a troll
   506 | D        | Noticed a troll
   514 | D        | Killed a brown ugly thing
   515 | D        | Reached skill level 12 in Long Blades
   530 | D        | Killed a cyclops
   531 | D        | Gained mutation: You have a tail ending in a sharp stinger.
                  | [demonic ancestry]
   531 | D        | Reached XP level 9. HP: 61/82 MP: 9/9
   535 | D        | HP: 2/82 [troll (9)]
   536 | D        | Killed a troll
   536 | D        | Received a gift from Trog
   537 | D        | Reached skill level 13 in Long Blades
   553 | D        | HP: 4/82 [troll (9)]
   553 | D        | Slain by a troll

Illustrated notes

Levels and vault maps discovered:
D:        linesprint [early_d, line_temple, items_1, d_10, items_2, lair_1,
          lair_end, items_3, orc_1, orc_end, items_4, d_15, swamp_1, shoals_1,
          snake_1, spider_1, d_20, vaults_1, items_5, swamp_end, shoals_end,
          snake_end, spider_end, vaults_end, d_27, items_6, zot_1, zot_end,
          crypt_end, forest_end, elf_end, slime_end, tomb_end, abyss_end,
          pan_hell_end]

Skill      XL: |  1  2  3  4  5  6  7  8  9 |
---------------+----------------------------+-----
Long Blades    | 5 6 9 10 11 12 13 | 13.0
Dodging        | 3 4 5 6 |  6.5
Armour         | 2 3 4 5 6 |  6.9
Fighting       | 5 7 9 10 11 12 | 12.1
Stealth        | 1 |  1.5
Evocations     | |  0.3

Action                     |  1- 3 |  4- 6 |  7- 9 || total
---------------------------+-------+-------+-------++-------
  Melee: Falchion          |    22 |    28 |    38 ||    88
         Tailslap          |       |     3 |     8 ||    11
         Punch             |       |     1 |     1 ||     2
 Invoke: Berserk           |     1 |     1 |     1 ||     3
         Trog's Hand       |       |       |     1 ||     1
  Evoke: Wand              |       |       |     2 ||     2
    Use: Potion            |       |     1 |       ||     1
         Scroll            |       |       |     1 ||     1
 Armour: Animal skin       |     8 |       |       ||     8
         Chain mail        |       |     6 |     7 ||    13
  Dodge: Dodged            |    16 |     6 |    14 ||    36

Table legend: (Time is in decaauts)
 A = Elapsed time spent in this place.
 B = Non-inter-level travel time spent in this place.
 C = Inter-level travel time spent in this place.
 D = Time resting spent in this place.
 E = Time spent auto-exploring this place.
 F = Levels seen in this place.
 G = Mean time per level.
                   A        B        C        D        E       F      G
               +--------+--------+--------+--------+--------+-----+--------+
         Total |    558 |    558 |      0 |    366 |      0 |   1 |  558.0 |
       Dungeon |    558 |    558 |      0 |    366 |      0 |   1 |  558.0 |
               +--------+--------+--------+--------+--------+-----+--------+

Top non-repeatable levels by time:
       D: 558 daAuts
